AoeStats
← Wint

Highland

503973925Analyzed
2v2 RM · 1mo ago on Sep 3, 2026· 99m 39s· 4 players
Game mode
Random Map
Map size
Medium (4 player)
Population
200
Speed
Normal
Resources
Standard
Victory
Conquest
Starting age
Dark Age
Ending age
Imperial Age
RankedLock teamsTeams togetherTeam positionsShared explorationLock speedFull tech treeHidden civsTurbo modeCheats
Victory
Defeat
🇩🇪 Byzantines · Germany
942
+13
🇩🇪 Teutons · Germany
884
+15
🇫🇷 Teutons · France
880
-14
🇫🇷 Mongols · France
872
-14
Sellou 18
10:46 Feudal Age
11:14 Double-Bit Axe
11:12 Horse Collar
14:05 Forging
15:31 Bloodlines
19:23 Scale Mail Armor
22:50 Castle Age
20:40 Loom
24:00 Caravan
25:27 Bow Saw
25:27 Fletching
27:47 Bodkin Arrow
30:16 Stone Mining
30:20 Gold Mining
31:00 Ballistics
35:28 Imperial Age
36:23 Gold Shaft Mining
35:36 Capped Ram
36:32 Thumb Ring
36:53 Parthian Tactics
36:35 Padded Archer Armor
37:51 Bracer
38:07 Leather Archer Armor
39:23 Chemistry
39:28 Drill
41:27 Elite Mangudai
43:14 Siege Ram
50:50 Heavy Scorpion
59:22 Herbal Medicine
77:26 Onager
88:24 Siege Onager
ZerynoX
17:20 Feudal Age
17:46 Feudal Age
18:30 Horse Collar
18:41 Double-Bit Axe
19:02 Gold Mining
20:17 Wheelbarrow
24:08 Wheelbarrow
26:58 Castle Age
25:56 Arson
28:05 Heavy Plow
28:20 Bow Saw
29:10 Caravan
31:01 Squires
30:47 Gambesons
30:35 Pikeman
33:42 Hand Cart
37:37 Imperial Age
37:14 Fortified Wall
37:34 Masonry
37:49 Ballistics
39:23 Conscription
42:10 Scale Barding Armor
42:20 Forging
42:11 Scale Mail Armor
44:04 Crenellations
44:35 Elite Teutonic Knight
46:37 Iron Casting
46:19 Chain Mail Armor
51:52 Crop Rotation
65:52 Chemistry
67:41 Blast Furnace
67:12 Plate Mail Armor
Wint
0:32 Loom
15:06 Feudal Age
16:23 Wheelbarrow
16:53 Double-Bit Axe
19:34 Castle Age
18:06 Gold Mining
18:29 Stone Mining
18:41 Horse Collar
20:50 Hand Cart
27:14 Bow Saw
28:56 Heavy Plow
29:40 Gold Shaft Mining
29:41 Stone Shaft Mining
29:57 Caravan
30:32 Husbandry
33:51 Imperial Age
32:55 Coinage
31:58 Pikeman
32:38 Squires
32:23 Arson
33:38 Fletching
35:54 Two-Man Saw
35:31 Crop Rotation
36:05 Chemistry
34:50 Treadmill Crane
36:00 Conscription
36:21 Hoardings
36:05 Murder Holes
36:21 Fortified Wall
36:31 Ballistics
38:10 Logistica
37:38 Cavalier
37:38 Heavy Camel Rider
39:16 Banking
38:57 Guilds
40:33 Bodkin Arrow
40:49 Forging
40:39 Scale Mail Armor
40:44 Scale Barding Armor
42:34 Iron Casting
42:14 Chain Mail Armor
42:00 Bracer
41:27 Demolition Ship
42:17 Medium Warships
41:36 Elite Cataphract
42:05 Fishing Lines
42:42 Siphons
42:48 Clinker Construction
42:48 Careening
44:37 Halberdier
45:38 Greek Fire
45:05 Elite Skirmisher
45:57 Heavy Cavalry Archer
49:59 Chain Barding Armor
50:10 Plate Mail Armor
49:40 Padded Archer Armor
49:44 Paladin
55:39 Heavy Warships
58:36 Onager
58:36 Capped Ram
61:18 Plate Barding Armor
60:58 Leather Archer Armor
60:07 Light Cavalry
60:29 Heavy Demolition Ship
61:00 Gillnets
75:05 Hussar
76:42 Guard Tower
76:38 Arrowslits
77:13 Bombard Tower
77:14 Shipwright
77:14 Carvel Hull
77:15 Dry Dock
77:30 Ring Archer Armor
91:49 Thumb Ring
91:06 Crossbowman
Chrisaefer
11:57 Feudal Age
13:28 Wheelbarrow
12:40 Double-Bit Axe
12:37 Horse Collar
14:36 Gold Mining
21:18 Castle Age
22:27 Hand Cart
22:31 Forging
22:21 Scale Mail Armor
23:42 Loom
25:55 Pikeman
29:08 Bow Saw
30:35 Heavy Plow
34:37 Imperial Age
33:14 Stone Mining
34:22 Iron Casting
34:02 Chain Mail Armor
33:51 Caravan
35:23 Stone Shaft Mining
35:57 Crop Rotation
36:51 Two-Man Saw
36:55 Blast Furnace
37:51 Squires
38:44 Conscription
40:57 Chemistry
41:33 Halberdier
42:53 Plate Mail Armor
43:13 Elite Teutonic Knight
44:09 Elite Skirmisher
46:02 Elite Skirmisher
52:11 Ironclad
52:12 Crenellations
64:18 Heavy Scorpion
73:33 Man-at-Arms
73:59 Gambesons
74:00 Arson
79:23 Long Swordsman
84:14 Siege Engineers
84:20 Masonry
84:33 Ballistics
84:34 Bombard Tower
90:55 Scale Barding Armor
90:51 Padded Archer Armor
90:41 Fletching
Connection lost

Rejoining the realm…

Still unreachable

The connection could not be restored.

Session expired

The server has moved on; the page needs a fresh start.